 Dungeon Crawl Stone Soup version 0.31-a0-193-gdfe2569204 (webtiles) character file.

Game seed: 4317412328756950573

94 qw the Shooter (level 4, 0/25 HPs)
             Began as a Deep Elf Hunter on June 24, 2023.
             Succumbed to their own poison gas
             ... on level 2 of the Dungeon.
             The game lasted 00:00:38 (1352 turns).

qw the Shooter (Deep Elf Hunter)                    Turns: 1352, Time: 00:00:39

Health: 0/25       AC:  8    Str: 10    XL:     4   Next: 38%
Magic:  6/6        EV:  9    Int: 14    God:
Gold:   83         SH:  0    Dex: 18    Spells: 3/3 levels left

rFire   . . .        Y - +0 shortbow
rCold   . . .        (shield currently unavailable)
rNeg    + . .        i - +0 scale mail
rPois   .            (no helmet)
rElec   .            e - +0 cloak
rCorr   .            (no gloves)
SInv    .            g - +0 pair of boots
Will    .....        (no amulet)
Stlth   +            h - ring of positive energy
HPRegen 0.24/turn    (no ring)
MPRegen 0.10/turn

%: no passive effects
@: lethally poisoned (0 -> 0)
A: no striking features
a: no special abilities


You were on level 2 of the Dungeon.
You visited 1 branch of the dungeon, and saw 2 of its levels.

You collected 83 gold pieces.


   Skills:
 - Level 1.5 Fighting
 + Level 7.8 Ranged Weapons
 - Level 2.4 Dodging
 - Level 1.2 Stealth


You had 3 spell levels left.
You didn't know any spells.
Your spell library was empty.

Inventory:

Hand Weapons
 Y - a +0 shortbow (weapon)
Armour
 e - a +0 cloak (worn)
 g - a +0 pair of boots (worn)
 i - a +0 scale mail (worn)
Jewellery
 h - a ring of positive energy (left hand)
Potions
 a - a potion of lignification {unknown}
 b - a potion of heal wounds {unknown}
 d - a potion of might {unknown}
 k - a potion of enlightenment {unknown}

Dungeon Overview and Level Annotations

Branches:
Dungeon (2/15)

Altars:

Shops:
D:1 :


Message History

1341 ||| READING scroll labelled UZUCUO VUISO.
As you read the scroll labelled UZUCUO VUISO, it crumbles to dust.
It is a scroll of amnesia.
You feel forgetful for a moment.
Done exploring.
1342 ||| READING scroll labelled JICU KIVOSERPH.
The air fills with toxic fumes!
As you read the scroll labelled JICU KIVOSERPH, it crumbles to dust.
It was a scroll of poison.
Done exploring.
(D) Dungeon
Where to? (* - list waypoints, Enter - D:2, ? - help)
What level of the Dungeon? (default 1, ? - help) Sorry, I don't know how to get there.
Enter note:
Enter note:
Enter note:
Enter note:
Enter note:
Enter note: Really walk into that cloud of poison gas?
You are engulfed in poison gas.
You are poisoned.
You feel very sick.
1344 ||| Stepping ~*~*~tactically~*~*~ (cloud).
You feel very sick.
There is a lethal amount of poison in your body!
You feel sick.
There is a lethal amount of poison in your body!
You feel sick.
There is a lethal amount of poison in your body!
You feel sick.
There is a lethal amount of poison in your body!
You feel sick.
There is a lethal amount of poison in your body!
You feel sick.
There is a lethal amount of poison in your body!
You feel sick.
There is a lethal amount of poison in your body!
You feel sick.
There is a lethal amount of poison in your body!
You die...

####### #......
##.#####
###########...###
#@¤0¤¤¤00.%..>..#
#¤#########)..#.##
#¤# ##.#.... #¤#
#.#..## #¤#
####.#..# #¤#
#....#..# #¤#
#.####..## #¤# #.#
#.... #.# #.#
#.###


There were no monsters in sight!

Vanquished Creatures
  5 adders (D:2)
  2 worms (D:2)
  4 dart slugs
  5 bats
  2 endoplasms
  2 goblins
  2 hobgoblins
  9 kobolds
  A quokka (D:1)
  3 ball pythons
  A frilled lizard (D:2)
  6 rats
42 creatures vanquished.

Notes
Turn   | Place    | Note
-------+----------+-------------------------------------------
     0 | D:1      | qw the Deep Elf Hunter began the quest for the Orb.
     0 | D:1      | Reached XP level 1. HP: 12/12 MP: 3/3
     0 | D:1      | 0 ||| qw: Version: 0.3-a-9-g12657ce
     0 | D:1      | 0 ||| qw: Game counter: 4695
     0 | D:1      | 0 ||| qw: Always use a shield: true
     0 | D:1      | 0 ||| qw: God list: Okawaru
     0 | D:1      | 0 ||| qw: Allow faded altars: false
     0 | D:1      | 0 ||| qw: Do Orc after D:15 true
     0 | D:1      | 0 ||| qw: Do second Lair branch before Depths: true
     0 | D:1      | 0 ||| qw: Lair rune preference: random
     0 | D:1      | 0 ||| qw: Plans: Normal
     0 | D:1      | 0 ||| PLANNING D:1-11
   172 | D:1      | Reached XP level 2. HP: 16/16 MP: 4/4
   187 | D:1      | Reached skill level 6 in Ranged Weapons
   394 | D:1      | Found Biokhui's Book Emporium.
   406 | D:1      | 406 ||| UPGRADING to +0 cloak.
   411 | D:1      | 411 ||| UPGRADING to +0 scale mail.
   421 | D:1      | 421 ||| DROPPING +0 leather armour.
   422 | D:1      | 422 ||| UPGRADING to ring of positive energy.
   423 | D:1      | 423 ||| READING scroll labelled KAUPTI SEHOETHROR.
   424 | D:1      | 424 ||| READING scroll labelled XERENW RUIDAIMP.
   425 | D:1      | 425 ||| DRINKING 2 cyan potions.
   426 | D:1      | 426 ||| DROPPING scroll of butterflies.
   427 | D:1      | 427 ||| DROPPING potion of attraction.
   605 | D:2      | Reached XP level 3. HP: 14/20 MP: 5/5
   725 | D:2      | Reached skill level 7 in Ranged Weapons
   818 | D:2      | 818 ||| FLEEEEING.
   898 | D:2      | Reached XP level 4. HP: 16/25 MP: 6/6
  1042 | D:2      | HP: 5/25 [poisoned by an adder]
  1335 | D:2      | 1335 ||| UPGRADING to +0 pair of boots.
  1340 | D:2      | 1340 ||| READING scroll labelled ARASHR ORIOVVO.
  1341 | D:2      | 1341 ||| READING scroll labelled UZUCUO VUISO.
  1342 | D:2      | 1342 ||| READING scroll labelled JICU KIVOSERPH.
  1344 | D:2      | 1344 ||| Stepping ~*~*~tactically~*~*~ (cloud).
  1346 | D:2      | HP: 6/25 [poisoned by you (poison gas)]
  1350 | D:2      | HP: 2/25 [poisoned by you (poison gas)]
  1352 | D:2      | Succumbed to their own poison gas

Levels and vault maps discovered:
D:1:      scummos_arrival_hexagon, layout_basic, serial_shops, shop,
          serial_curves, eino_curves_02, eino_curves_01
D:2:      layout_loops_ring

Skill      XL: |  1  2  3 |
---------------+----------+-----
Ranged Weapons | 6 7 |  7.8
Fighting       | |  1.5
Dodging        | |  2.4
Stealth        | |  1.2

Action                     |  1- 3 |  4- 6 || total
---------------------------+-------+-------++-------
   Fire: Shortbow          |    96 |    40 ||   136
    Use: Scroll            |     2 |     3 ||     5
         Potion            |     1 |       ||     1
 Armour: Leather armour    |     1 |       ||     1
         Scale mail        |    28 |    14 ||    42
  Dodge: Dodged            |    27 |    14 ||    41

Table legend:
 A = Non-vault XP
 B = Vault XP
 C = Vault XP percentage of total XP
 D = Non-vault monster count
 E = Vault monster count
 F = Vault count percentage of total count
                 A         B        C        D         E       F
            +---------+---------+-------+---------+---------+-------
      Total |     135 |       0 |   0.0 |      42 |       0 |   0.0
            +---------+---------+-------+---------+---------+-------
        D:1 |      23 |       0 |   0.0 |      13 |       0 |   0.0
        D:2 |     112 |       0 |   0.0 |      29 |       0 |   0.0
            +---------+---------+-------+---------+---------+-------
